AoeStats
← er_Dionis

Arena

509721428Analyzed
2v2 RM · 3d ago on Sep 27, 2026· 47m 11s· 4 players
Game mode
Random Map
Map size
Medium (4 player)
Population
200
Speed
Normal
Resources
Standard
Victory
Conquest
Starting age
Dark Age
Ending age
Imperial Age
RankedLock teamsTeams togetherTeam positionsShared explorationLock speedFull tech treeHidden civsTurbo modeCheats
Victory
Defeat
🇪🇸 Japanese · Spain
567
+8
🇺🇸 Persians · United States
566
+8
🇧🇷 Vietnamese · Brazil
409
-9
🇻🇪 Bohemians · Venezuela
350
-7
CarlosJesus2904
12:25 Feudal Age
13:33 Double-Bit Axe
13:31 Horse Collar
17:49 Wheelbarrow
20:04 Town Watch
23:18 Fletching
23:29 Padded Archer Armor
23:43 Forging
23:33 Scale Mail Armor
24:01 Arson
29:36 Castle Age
28:53 Scale Barding Armor
30:44 Bow Saw
30:47 Heavy Plow
30:25 Pikeman
31:06 Squires
30:29 Crossbowman
32:08 Fervor
32:28 Bodkin Arrow
32:48 Leather Archer Armor
33:03 Hand Cart
33:05 Town Patrol
TheJoker
8:50 Loom
11:24 Feudal Age
12:16 Horse Collar
12:24 Double-Bit Axe
21:26 Castle Age
22:16 Heavy Plow
22:29 Bow Saw
23:33 Gold Mining
23:34 Stone Mining
24:39 Pikeman
26:16 Elite Skirmisher
30:03 Chatras
30:29 Squires
30:15 Arson
30:48 Thumb Ring
34:04 Fletching
34:16 Padded Archer Armor
34:27 Forging
34:27 Scale Barding Armor
36:26 Ballistics
38:59 Wheelbarrow
39:52 Stone Shaft Mining
39:19 Bodkin Arrow
39:40 Leather Archer Armor
39:46 Chain Barding Armor
43:46 Imperial Age
42:57 Bloodlines
42:47 Husbandry
43:49 Imperial Skirmisher
45:07 Halberdier
47:31 Bracer
48:01 Ring Archer Armor
er_Dionis
4:12 Loom
10:57 Feudal Age
17:45 Castle Age
15:50 Double-Bit Axe
15:55 Horse Collar
18:44 Bow Saw
21:16 Heavy Plow
30:44 Imperial Age
28:57 Gold Mining
31:26 Wheelbarrow
32:42 Gold Shaft Mining
33:13 Two-Man Saw
32:17 Fletching
32:43 Forging
32:34 Scale Mail Armor
32:37 Padded Archer Armor
33:01 Ballistics
33:42 Chemistry
32:40 Murder Holes
33:03 Masonry
34:42 Hand Cart
34:58 Stone Mining
36:43 Iron Casting
36:23 Chain Mail Armor
36:04 Bodkin Arrow
36:25 Leather Archer Armor
35:34 Elite Samurai
36:37 Conscription
36:48 Kataparuto
35:54 Pikeman
36:24 Gambesons
36:46 Squires
36:47 Halberdier
38:54 Blast Furnace
37:35 Elite Skirmisher
38:22 Thumb Ring
38:10 Crossbowman
39:44 Hoardings
38:42 Arbalester
39:49 Siege Engineers
40:41 Plate Mail Armor
41:02 Bracer
41:33 Ring Archer Armor
42:05 Parthian Tactics
41:42 Heavy Cavalry Archer
43:37 Town Watch
44:07 Arson
gatormill
9:33 Feudal Age
9:55 Double-Bit Axe
20:59 Castle Age
18:58 Horse Collar
19:29 Gold Mining
20:13 Stone Mining
22:27 Gold Shaft Mining
22:26 Bow Saw
26:34 Kamandaran
28:01 Wheelbarrow
28:28 Heavy Plow
34:48 Hand Cart
37:06 Imperial Age
37:28 Heavy Scorpion
46:45 Elite War Elephant
Connection lost

Rejoining the realm…

Still unreachable

The connection could not be restored.

Session expired

The server has moved on; the page needs a fresh start.